AoeStats
← Wildanlor

Arabia

510244820Analyzed
1v1 RM · 1d ago on Sep 30, 2026· 60m 18s· 2 players
Game mode
Random Map
Map size
Tiny (2 player)
Population
200
Speed
Normal
Resources
Standard
Victory
Conquest
Starting age
Dark Age
Ending age
Imperial Age
RankedLock teamsTeams togetherTeam positionsShared explorationLock speedFull tech treeHidden civsTurbo modeCheats
Victory
Defeat
🇺🇸 Japanese · United States
737
+15
🇺🇸 Hindustanis · United States
710
-15
Wildanlor
10:21 Feudal Age
11:17 Man-at-Arms
12:33 Arson
19:51 Castle Age
20:42 Loom
23:14 Stone Mining
28:44 Long Swordsman
28:51 Pikeman
30:25 Scale Mail Armor
32:04 Wheelbarrow
33:23 Grand Trunk Road
34:39 Ballistics
35:15 Hand Cart
34:46 Town Watch
36:52 Double-Bit Axe
36:53 Horse Collar
38:53 Fletching
39:04 Padded Archer Armor
39:34 Squires
42:42 Imperial Age
40:35 Gold Mining
41:22 Stone Shaft Mining
42:22 Town Patrol
43:05 Chain Mail Armor
43:46 Bloodlines
44:17 Conscription
45:21 Bodkin Arrow
45:26 Padded Archer Armor
46:09 Shatagni
47:10 Heavy Plow
47:36 Husbandry
49:37 Hoardings
48:54 Light Cavalry
52:11 Forging
52:15 Elite Skirmisher
53:24 Squires
56:50 Gold Shaft Mining
Zaknafein615
7:09 Loom
9:51 Feudal Age
9:59 Man-at-Arms
10:25 Double-Bit Axe
18:09 Horse Collar
21:53 Castle Age
21:39 Fletching
22:53 Crossbowman
23:59 Bow Saw
26:52 Bodkin Arrow
27:35 Wheelbarrow
28:19 Gold Mining
29:34 Thumb Ring
35:45 Imperial Age
33:49 Ballistics
36:34 Bracer
36:07 Arbalester
38:13 Chemistry
41:47 Wheelbarrow
44:32 Conscription
48:53 Kataparuto
Connection lost

Rejoining the realm…

Still unreachable

The connection could not be restored.

Session expired

The server has moved on; the page needs a fresh start.